[Event "8th RTU Open 2018"]
[Site "Riga"]
[Date "2018.08.07"]
[Round "2"]
[White "Praggnanandhaa, R."]
[Black "Chittka, Julius"]
[Result "1-0"]
[ECO "A04"]
[WhiteElo "2532"]
[BlackElo "2316"]
[Annotator "ChessBase"]
[PlyCount "73"]
[EventDate "2018.08.06"]
[EventType "swiss"]
[EventCountry "LAT"]
[SourceTitle "playchess.com"]
[Source "ChessBase"]
[SourceQuality "1"]
[TimeControl "5400+30"]

1. Nf3 c5 2. b3 Nf6 3. Bb2 g6 4. g3 Bg7 5. Bg2 O-O 6. c4 d5 7. cxd5 Nxd5 8. Bxg7 Kxg7 9. O-O Nc6 10. d4 cxd4 11. Nxd4 Ndb4 12. Nxc6 Nxc6 13. Bxc6 bxc6 14. Nc3 Qa5 15. Qd4+ Kg8 16. Rfd1 Be6 17. Na4 Rfd8 18. Qc5 Qb5 19. Qe3 Rd6 20. Rxd6 exd6 21. Rd1 Rd8 22. Nc3 Qa5 23. Qd4 c5 24. Qh4 Rf8 25. Ne4 Qxa2 26. Ng5 h5 27. Qe4 Qxb3 28. Rxd6 Bf5 29. Qe7 Qc3 30. e4 Qe1+ 31. Kg2 h4 32. gxh4 Qe2 33. Rd8 Bh3+ 34. Kxh3 Qf1+ 35. Kg3 Qg1+ 36. Kf3 Qh1+ 37. Ke2 1-0

[Event "8th RTU Open 2018"]
[Site "Riga"]
[Date "2018.08.07"]
[Round "2"]
[White "Ruiz Castillo, Joshua Daniel"]
[Black "Severina, Maria"]
[Result "1-0"]
[ECO "C95"]
[WhiteElo "2415"]
[BlackElo "2242"]
[Annotator "NA RC"]
[PlyCount "145"]
[EventDate "2018.08.06"]
[EventType "swiss"]
[EventCountry "LAT"]
[SourceTitle "playchess.com"]
[Source "ChessBase"]
[SourceQuality "1"]
[TimeControl "5400+30"]

1. e4 e5 2. Nf3 Nc6 3. Bb5 a6 4. Ba4 Nf6 5. O-O Be7 6. Re1 b5 7. Bb3 d6 8. c3 O-O 9. h3 Nb8 10. d4 Nbd7 11. Nbd2 Bb7 12. Bc2 Re8 13. Nf1 Bf8 14. Ng3 g6 15. a4 Nb6 {C95: Closed Ruy Lopez: Breyer Variation with 10 d4} 16. axb5 axb5 17. Rxa8 Qxa8 {[#]} 18. d5 $146 ({Predecessor:} 18. Bg5 Bg7 19. dxe5 dxe5 20. Qc1 Nc4 21. Bh6 Nd6 22. Bxg7 Kxg7 23. Qe3 {½-½ (60) Amonatov,F (2636)-Sardana,R (2402) New Delhi 2018}) 18... c6 19. Bg5 Nfd7 20. dxc6 Bxc6 21. h4 d5 22. exd5 Bxd5 23. h5 e4 24. Nd4 b4 25. hxg6 hxg6 26. Qg4 Bg7 27. Qh4 bxc3 28. bxc3 $11 Qa5 29. Nge2 Bxd4 30. Nxd4 Qxc3 31. Rd1 Ra8 32. Kh2 Ra1 33. Rxa1 Qxa1 34. Be3 Qa8 35. Ne2 Kg7 36. Qh6+ Kf6 37. Bd4+ Ke7 38. Nc3 Qc6 39. Qe3 Qe6 40. Bxb6 Nxb6 41. g3 Nd7 42. Ba4 Bc6 43. Bxc6 Qxc6 44. Nxe4 Qe6 45. Qa3+ Kd8 46. Nd6 Qd5 47. Qb4 Qh5+ 48. Kg2 Qd5+ 49. f3 f5 50. Qh4+ Kc7 51. Ne8+ Kc8 52. Qb4 Qc5 53. Qd2 Qe5 54. Nd6+ Kc7 55. Nf7 Qc5 56. Ng5 Qc6 57. Qe2 Qd5 58. Ne6+ Kd6 59. Nf4 Qc5 60. Nxg6 Qd5 61. Nf4 Qb3 62. Qd2+ Ke7 63. Ng6+ Ke6 64. Nf4+ Ke7 65. Ne2 Nf6 66. Nd4 Qd5 67. Qf4 Qa2+ 68. Kh3 Qb1 69. Nxf5+ Kf7 70. Qc4+ Kf8 71. Qc5+ Kf7 72. Qe7+ Kg6 73. Nh4+ 1-0

[Event "8th RTU Open 2018"]
[Site "Riga"]
[Date "2018.08.07"]
[Round "2"]
[White "Krykun, Yuriy"]
[Black "Stocek, Jiri"]
[Result "0-1"]
[ECO "A04"]
[WhiteElo "2325"]
[BlackElo "2582"]
[Annotator "RC"]
[PlyCount "100"]
[EventDate "2018.08.06"]
[EventType "swiss"]
[EventCountry "LAT"]
[SourceTitle "playchess.com"]
[Source "ChessBase"]
[SourceQuality "1"]
[TimeControl "5400+30"]

1. Nf3 d6 2. d4 g6 3. g3 Bg7 4. Bg2 c5 5. O-O cxd4 6. Nxd4 Qb6 7. Nb3 Qc7 8. e4 Nd7 9. a4 a6 10. a5 h5 11. h3 Rb8 12. Nd4 b5 13. axb6 Nxb6 14. b3 Nf6 15. c4 O-O 16. Nc3 e6 17. Be3 Bb7 18. Qd2 Rfe8 19. Rfd1 Nbd7 20. Rac1 Nc5 21. Qc2 Ba8 22. Rb1 Rec8 23. Nde2 Qc6 24. Nd4 Qb7 25. f3 Qc7 26. Bf2 Qa5 27. Be1 Qc7 28. Bf2 Ncd7 29. Qd2 Bf8 30. Nde2 Nc5 31. Qc2 Bh6 32. Bd4 Ncd7 33. Ra1 Bb7 34. Qa2 d5 35. exd5 exd5 36. c5 Bc6 37. Rab1 a5 38. Bf2 Bf8 39. Nf4 h4 40. Nfxd5 Nxd5 41. Nxd5 Bxd5 42. Rxd5 hxg3 43. Bd4 Bxc5 44. Bxc5 Nxc5 45. h4 Rd8 46. Rg5 Nxb3 47. Rxb3 Qa7+ 48. Kf1 Rd1+ 49. Ke2 Qf2+ 50. Kxd1 Rd8+ 0-1

[Event "8th RTU Open 2018"]
[Site "Riga"]
[Date "2018.08.07"]
[Round "2"]
[White "Mishuchkov, Nikolai Mikhailovic"]
[Black "Zakhartsov, Viacheslav V"]
[Result "1/2-1/2"]
[ECO "A05"]
[WhiteElo "2307"]
[BlackElo "2544"]
[Annotator "ChessBase"]
[PlyCount "40"]
[EventDate "2018.08.06"]
[EventType "swiss"]
[EventCountry "LAT"]
[SourceTitle "playchess.com"]
[Source "ChessBase"]
[SourceQuality "1"]
[TimeControl "5400+30"]

1. Nf3 Nf6 2. c4 b6 3. g3 c5 4. Bg2 Bb7 5. O-O e6 6. b3 Be7 7. Bb2 O-O 8. Nc3 a6 9. e3 Qc7 10. d4 cxd4 11. exd4 d5 12. cxd5 Nxd5 13. Rc1 Nxc3 14. Rxc3 Qd6 15. Ne5 Bxg2 16. Kxg2 Nd7 17. Rc6 Qd5+ 18. Qf3 Qxf3+ 19. Kxf3 Nxe5+ 20. dxe5 Bc5 1/2-1/2

[Event "8th RTU Open 2018"]
[Site "Riga"]
[Date "2018.08.07"]
[Round "2"]
[White "Chukavin, Kirill"]
[Black "Meskovs, Nikita"]
[Result "0-1"]
[ECO "B05"]
[WhiteElo "2291"]
[BlackElo "2524"]
[Annotator "RC"]
[PlyCount "80"]
[EventDate "2018.08.06"]
[EventType "swiss"]
[EventCountry "LAT"]
[SourceTitle "playchess.com"]
[Source "ChessBase"]
[SourceQuality "1"]
[TimeControl "5400+30"]

1. e4 Nf6 2. e5 Nd5 3. d4 d6 4. Nf3 Bg4 5. Be2 e6 6. O-O Be7 7. c4 Nb6 8. Nc3 O-O 9. h3 Bh5 10. Be3 d5 11. c5 Bxf3 12. Bxf3 Nc4 13. Bc1 b6 14. b3 Na5 15. cxb6 axb6 16. Be2 c5 17. Nb5 Nbc6 18. Bb2 Qd7 19. f4 c4 20. bxc4 Nxc4 21. Bxc4 dxc4 22. a4 Rfc8 23. Qf3 Nb4 24. f5 exf5 25. Qxf5 Qxf5 26. Rxf5 Nd5 27. Nc3 Rd8 28. Nxd5 Rxd5 29. Raf1 Bb4 30. Rxf7 c3 31. Bc1 Rxd4 32. Be3 Rc4 33. R7f4 Rxf4 34. Rxf4 Rxa4 35. e6 b5 36. Rd4 h6 37. Rd7 Ra6 38. Bd4 Rc6 39. Rxg7+ Kf8 40. Rb7 Bc5 0-1

[Event "8th RTU Open 2018"]
[Site "Riga"]
[Date "2018.08.07"]
[Round "2"]
[White "Nilssen, Ellen Fredericia"]
[Black "Rostgaard, Tobias Valentin"]
[Result "1/2-1/2"]
[ECO "A05"]
[WhiteElo "2060"]
[BlackElo "2386"]
[Annotator "NA"]
[PlyCount "86"]
[EventDate "2018.08.06"]
[EventType "swiss"]
[EventCountry "LAT"]
[SourceTitle "playchess.com"]
[Source "ChessBase"]
[SourceQuality "1"]
[TimeControl "5400+30"]

1. Nf3 Nf6 2. c4 e6 3. g3 d5 4. d4 Bb4+ 5. Bd2 {[%emt 0:02:45] E01: Catalan: Early deviations} Bd6 (5... Be7 6. Bg2 O-O 7. O-O Nbd7 8. b4 c6 9. a4 Bd6 10. Qc2 e5 11. cxd5 cxd5 12. dxe5 Nxe5 13. Bc3 Re8 14. Nbd2 Nxf3+ 15. Bxf3 Bh3 {½-½ (58) So,W (2778)-Karjakin,S (2782) Stavanger 2018}) 6. Bg2 c6 7. Qc2 Ne4 8. O-O O-O 9. b3 Nd7 10. Bc3 f5 11. Bb2 Qf6 $146 ({Predecessor:} 11... b6 12. Nbd2 Bb7 13. Ne5 Nxe5 14. dxe5 Bc5 15. Rad1 Qe7 {0-1 (48) Denishev,M (2333)-Sarana,A (2464) Moscow 2017}) 12. Nbd2 Qh6 13. Rad1 Ndf6 14. Ne5 Bd7 15. Bc1 Qh5 16. Bf3 Qe8 17. Nxe4 fxe4 18. Bg2 Bxe5 19. dxe5 Ng4 20. Bf4 Qh5 $16 (20... Qg6 $142) 21. h3 Nxe5 22. g4 Nxg4 23. hxg4 Qxg4 24. Bd6 Rf5 25. f3 Qg5 26. Qc1 Qg6 27. fxe4 Rg5 28. Rf2 e5 29. Be7 Rg3 30. Rd3 Re8 31. Qf1 h6 32. Rf8+ Rxf8 33. Qxf8+ Kh7 34. Rxg3 Qxg3 35. Qf2 Qxf2+ 36. Kxf2 dxc4 37. bxc4 Kg6 38. Kg3 Be6 39. c5 Bxa2 40. Bd8 Be6 41. Bf3 Kf7 42. Bc7 Kf6 43. Bd8+ Kf7 1/2-1/2